Map: Junção Kairos LE

Players

Bobby

  • Race: Terran Terran
  • League: Silver
  • Spawn Location: 11:00

Vicster - Winner!

  • Race: Terran Terran
  • League: Gold
  • Spawn Location: 5:00

VOD

Have the link to the VOD?

Description

Time

  • Played on: Jan. 5, 2019, 11:18 a.m.
  • Length: 25:11
Show
View Real Time Build Order
Export as new Build Order

Bobby Terran 

Build Orders:  

Get SALT Encoding   

  12  0:02  SCV  
  14  0:14  SCV  
  14  0:22  Supply Depot  
  14  0:26  SCV  
  15  0:45  Supply Depot  
  15  0:55  SCV  
  15  0:56  Barracks  
  16  1:07  SCV  
  17  1:20  SCV  
  18  1:28  Refinery  
  18  1:32  SCV  
  19  1:44  SCV  
  20  1:54  Command Center  
  20  1:56  SCV  
  21  2:11  Refinery, SCV  
  22  2:16  Barracks Reactor  
  22  2:23  SCV  
  23  2:36  Barracks  
  23  2:55  Orbital Command  
  23  3:09  Marine x2, Factory  
  25  3:26  Marine  
  26  3:27  Marine  
  26  3:28  Barracks Tech Lab  
  26  3:30  Engineering Bay  
  26  3:32  SCV  
  28  3:44  Marine  
  28  3:45  Marine, SCV  
  31  3:50  Marauder  
  31  3:54  Combat Shield  
  33  3:57  SCV  
  33  3:59  Terran Infantry Weapons Level 1  
  33  4:00  Supply Depot  
  33  4:02  Marine x2  
  35  4:04  SCV  
  35  4:09  Factory Tech Lab, SCV  
  38  4:11  Marauder  
  38  4:16  SCV  
  41  4:21  SCV  
  42  4:25  Refinery  
  42  4:28  SCV  
  43  4:33  SCV  
  44  4:39  Siege Tank  
  44  4:40  SCV  
  44  4:45  SCV  
  49  4:52  SCV  
  50  4:54  Marine x2  
  50  4:59  SCV  
  53  5:04  SCV  
  54  5:17  Marine x2, SCV x2, Siege Tank  
  54  5:19  Concussive Shells, Supply Depot  
  61  5:29  SCV  
  62  5:40  Marine x2  
  62  5:42  Supply Depot  
  64  5:49  Widow Mine  
  66  5:54  Terran Infantry Armor Level 1  
  66  5:58  Marine x2  
  66  6:00  Missile Turret  
  68  6:05  Supply Depot  
  68  6:11  Widow Mine  
  70  6:14  Missile Turret  
  70  6:26  Missile Turret, Starport  
  70  6:30  Supply Depot  
  70  6:32  Marine x2  
  71  6:36  Marauder  
  74  6:50  Marine x2, Missile Turret  
  74  6:54  Supply Depot  
  76  6:55  Siege Tank  
  76  6:57  Marauder, Planetary Fortress  
  81  7:04  Missile Turret  
  81  7:08  Marine x2  
  82  7:13  Starport Tech Lab  
  83  7:18  Starport  
  83  7:19  Marauder  
  85  7:26  Marine x2  
  85  7:27  Siege Tank  
  85  7:29  Missile Turret  
  90  7:32  Missile Turret  
  90  7:40  Marauder  
  90  7:43  Marine  
  90  7:44  Marine  
  94  7:49  Sensor Tower  
  94  7:58  SCV  
  95  7:59  Command Center  
  95  8:01  Marauder  
  95  8:04  Marine  
  95  8:05  Marine, Refinery  
  99  8:09  Starport Reactor  
  99  8:10  SCV  
  100  8:18  Supply Depot  
  100  8:20  Banshee  
  100  8:22  Marine, SCV  
  100  8:23  Marine, Marauder  
  108  8:30  Starport  
  108  8:34  SCV  
  108  8:39  Marine  
  108  8:41  Marine  
  110  8:46  SCV  
  104  8:57  Marine  
  104  8:58  Marine  
  106  9:02  Banshee  
  107  9:27  Medivac x2  
  111  9:31  Marine x2  
  113  9:45  Banshee  
  113  9:49  Marine x2  
  113  9:50  Supply Depot  
  113  9:52  Starport Tech Lab  
  118  9:56  Medivac  
  118  9:57  Armory, Medivac  
  122  10:03  Fusion Core  
  122  10:07  Marine x2  
  122  10:13  Factory  
  124  10:18  Cloaking Field  
  124  10:20  Barracks  
  124  10:22  Supply Depot  
  124  10:24  Marine, Stimpack  
  124  10:25  Marine  
  126  10:30  Marine  
  127  10:48  Marine  
  128  10:50  Command Center  
  128  11:02  Armory  
  128  11:05  Marine  
  128  11:07  Terran Vehicle Weapons Level 1  
  128  11:08  Supply Depot  
  128  11:09  Terran Infantry Weapons Level 2  
  129  11:20  Supply Depot  
  129  11:22  Supply Depot  
  129  11:23  Marine, Banshee  
  133  11:41  Marine  
  133  11:42  Factory Tech Lab  
  133  11:43  Supply Depot  
  134  11:48  Marine  
  134  11:49  Marine  
  136  11:55  Barracks Reactor  
  136  12:05  Orbital Command  
  136  12:06  Marine x2, Banshee  
  141  12:12  SCV  
  142  12:24  Marine x2, SCV  
  142  12:29  SCV  
  146  12:33  Missile Turret  
  146  12:35  SCV  
  146  12:36  SCV  
  148  12:41  SCV  
  148  12:42  Marine x2, SCV  
  152  12:47  SCV  
  152  12:48  SCV  
  152  12:50  Marine x2  
  156  12:53  SCV  
  156  12:54  SCV  
  156  12:55  Marauder  
  160  12:59  SCV  
  160  13:00  Marine x2, SCV  
  160  13:04  Liberator  
  165  13:05  SCV  
  165  13:06  SCV  
  165  13:08  Marine x2  
  165  13:11  SCV  
  165  13:12  Terran Vehicle Weapons Level 2  
  169  13:13  Armory  
  169  13:14  Terran Ship Weapons Level 1  
  169  13:16  Marauder  
  169  13:17  SCV  
  169  13:18  Marine x2, SCV  
  175  13:23  SCV  
  175  13:24  Terran Infantry Armor Level 2  
  175  13:25  Viking  
  175  13:26  Marine x2  
  182  13:27  Viking  
  182  13:31  SCV  
  183  13:35  Marine  
  183  13:36  Marine  
  183  13:37  Marauder  
  175  13:44  Marine x2  
  68  16:48  Marine x2  
  68  16:50  Liberator x2  
  68  16:51  Marine x2  
  72  16:57  Marauder  
  72  16:59  Terran Infantry Armor Level 3  
  74  17:02  Battlecruiser  
  74  17:06  Marine x2  
  88  17:09  Marine x2  
  88  17:11  Battlecruiser  
  88  17:13  Thor  
  102  17:16  Thor  
  102  17:18  Marauder  
  110  17:23  Marine  
  110  17:24  Marine  
  110  17:27  Marine x2  
  114  17:35  Command Center  
  113  17:40  Marauder  
  113  17:41  Marine x2  
  117  17:44  Marine x2  
  117  17:56  Thor  
  123  17:59  Marine x2, Thor  
  123  18:01  Marauder  
  127  18:17  Marine x2  
  129  18:22  Marauder, Battlecruiser  
  129  18:25  Battlecruiser  
  129  18:27  Medivac x2  
  147  18:35  Marine  
  148  19:06  SCV  
  149  19:18  SCV  
  149  19:30  SCV  
  148  19:42  SCV  
  132  19:55  SCV  
  97  20:38  Command Center  
  97  20:40  Refinery  
  97  20:43  Refinery  
  97  20:47  Sensor Tower  
  97  20:55  Command Center  
  97  21:00  Terran Infantry Weapons Level 3  
  99  21:07  Medivac x2  
  101  22:11  SCV  
  102  22:16  SCV  
  103  22:23  Marine x2, SCV  
  103  22:24  Refinery  
  103  22:26  Marine  
  103  22:27  Marine  
  103  22:28  SCV  
  109  22:31  Marauder  
  109  22:35  SCV  
  112  22:40  SCV  
  112  22:41  Marine x2  
  115  22:44  Marine x2  
  115  22:47  SCV  
  118  22:52  Marauder  
  121  22:58  Marine  
  121  22:59  Marine, SCV  
  121  23:02  Marine x2  
  113  23:14  Marauder  
  113  23:16  Marine  
  113  23:17  Marine  
  117  23:20  Marine x2  
Show
View Real Time Build Order
Export as new Build Order

Vicster Terran - Winner!

Build Orders:  

Get SALT Encoding   

  12  0:00  SCV  
  13  0:13  SCV  
  14  0:17  Supply Depot  
  14  0:25  SCV  
  14  0:28  Refinery  
  15  0:38  SCV  
  16  0:46  Barracks  
  16  0:51  SCV  
  17  1:03  SCV  
  18  1:15  SCV  
  19  1:27  SCV  
  20  1:36  Marine  
  20  1:39  Orbital Command  
  21  1:46  Factory  
  21  1:51  Supply Depot  
  21  1:52  Refinery  
  21  2:07  Barracks Reactor  
  21  2:21  SCV  
  22  2:33  SCV  
  22  2:36  Factory Tech Lab  
  23  2:39  Starport  
  23  2:40  Command Center  
  23  2:46  SCV  
  23  2:48  Marine  
  25  2:57  Siege Tank  
  25  2:58  SCV  
  29  3:00  Marine  
  30  3:06  Marine  
  31  3:16  Supply Depot  
  31  3:25  Supply Depot  
  31  3:29  Starport Reactor  
  31  3:37  Marine x2  
  31  3:38  SCV  
  31  3:39  Siege Tank  
  37  3:48  Supply Depot  
  37  3:50  SCV  
  37  3:55  Marine  
  38  4:02  SCV  
  40  4:05  Orbital Command  
  40  4:07  Marine  
  41  4:14  SCV, Siege Tank, Supply Depot  
  45  4:19  Medivac  
  45  4:21  Marine  
  48  4:26  SCV  
  50  4:38  SCV  
  50  4:44  Supply Depot  
  50  4:48  SCV  
  50  4:50  SCV  
  52  4:58  Medivac x2  
  56  5:00  Marine x2, SCV  
  56  5:02  SCV  
  60  5:14  SCV  
  60  5:15  SCV, Engineering Bay  
  60  5:16  Engineering Bay  
  60  5:18  Marine  
  63  5:27  SCV x2  
  65  5:38  Refinery  
  65  5:39  SCV x2  
  65  5:40  Refinery  
  67  5:43  Siege Tank  
  67  5:44  Marine  
  67  5:45  Marine, Barracks  
  67  5:47  Barracks  
  72  5:50  Terran Infantry Weapons Level 1  
  72  5:51  SCV, Terran Infantry Armor Level 1  
  73  6:11  Supply Depot  
  73  6:12  Marine, Supply Depot  
  73  6:13  Marine, Supply Depot x2  
  73  6:16  SCV  
  73  6:17  SCV  
  77  6:26  Armory  
  77  6:28  SCV  
  77  6:30  Marine x2  
  77  6:32  Barracks Tech Lab  
  80  6:34  Barracks Tech Lab, Missile Turret  
  80  6:37  Missile Turret  
  81  6:40  SCV  
  81  6:41  SCV  
  82  6:48  Marine x2  
  84  6:55  Stimpack  
  84  6:56  Combat Shield  
  84  7:00  Missile Turret  
  84  7:02  SCV x2  
  84  7:07  Barracks  
  86  7:13  Terran Vehicle Weapons Level 1  
  86  7:14  SCV x2  
  88  7:18  Command Center  
  88  7:26  SCV x2  
  90  7:36  Marine x2, Marauder  
  90  7:37  Marauder  
  96  7:38  SCV  
  96  7:39  SCV  
  98  7:51  SCV x2  
  100  7:54  Marine x2  
  100  7:58  Marauder x2  
  106  8:03  SCV x2  
  108  8:11  Marine  
  109  8:21  Marine  
  109  8:23  Marine  
  109  8:24  Marauder x2  
  115  8:27  Siege Tank  
  115  8:30  Marine, Medivac x2  
  115  8:33  Refinery  
  123  8:39  Marine  
  124  8:45  Marauder x2  
  106  9:19  SCV x2  
  106  9:21  Orbital Command  
  106  9:22  Marine x2  
  106  9:23  Marine, Marauder x2  
  106  9:24  Siege Tank  
  107  9:25  Medivac x2  
  111  9:31  Terran Infantry Weapons Level 2, SCV  
  111  9:32  Terran Infantry Armor Level 2  
  111  9:35  Terran Vehicle Weapons Level 2  
  112  9:40  Marine  
  112  9:42  Barracks Reactor  
  112  9:43  Concussive Shells  
  112  9:44  Marauder x2  
  117  9:47  Marine  
  117  9:48  Barracks  
  118  9:56  Siege Tank  
  118  9:57  SCV  
  118  9:58  Marine, SCV x2  
  125  10:06  Marauder x2  
  129  10:07  Command Center  
  129  10:10  SCV x3  
  132  10:17  Marine  
  133  10:29  Supply Depot  
  133  10:31  Supply Depot  
  133  10:34  Supply Depot  
  133  10:37  Refinery  
  133  10:50  Marine x2, Medivac  
  133  10:51  SCV x3  
  133  10:53  Marauder x2, Barracks Tech Lab, Siege Tank  
  147  10:59  Barracks  
  147  11:03  Marine x2, SCV x3  
  152  11:08  Marine x2  
  154  11:15  Marauder, SCV  
  157  11:19  Marauder, SCV  
  157  11:21  Marine, Refinery  
  157  11:22  Command Center  
  157  11:23  Orbital Command  
  161  11:28  SCV x2  
  161  11:31  SCV  
  164  11:33  Barracks  
  164  11:36  Marauder  
  164  11:37  Marine x2  
  164  11:38  Marine, Marauder  
  171  11:40  SCV  
  172  11:51  Terran Vehicle And Ship Armor Level 1, Sensor Tower  
  172  11:57  Sensor Tower  
  172  12:12  Supply Depot  
  172  12:16  Supply Depot  
  172  12:29  Barracks  
  172  12:31  Barracks Tech Lab  
  172  12:33  Marine x4, SCV x4, Siege Tank  
  172  12:34  Marauder x3  
  172  12:36  Refinery  
  189  12:40  Orbital Command  
  189  12:45  SCV x4  
  193  12:55  Marauder x3  
  193  12:58  SCV  
  200  13:12  Terran Infantry Weapons Level 3, Terran Infantry Armor Level 3  
  200  13:19  Refinery  
  193  13:45  Terran Vehicle Weapons Level 3  
  178  14:15  Marine  
  178  14:16  Marine x8  
  187  14:21  Siege Tank, Medivac  
  187  14:22  Medivac  
  194  14:26  Refinery  
  194  14:29  Command Center  
  194  14:33  Marine  
  194  14:34  Marine x5  
  200  14:39  Command Center  
  200  14:42  Refinery x2  
  200  14:51  Marine x3, Medivac  
  200  14:52  Marine, Medivac  
  188  15:12  Marine  
  188  15:13  Marine x8  
  192  15:30  Marine  
  192  15:31  Marine x8  
  186  15:48  Marine  
  186  15:49  Marine x7  
  143  15:50  Siege Tank  
  142  16:05  SCV  
  142  16:06  SCV x4  
  147  16:18  SCV x2  
  148  16:22  Siege Tank  
  137  16:51  Marine x4, Barracks Reactor  
  137  16:52  Marine x4  
  145  16:55  Siege Tank  
  145  16:56  Viking x2  
  152  17:09  Marine x8  
  160  17:26  Viking x2, Thor  
  160  17:27  Marine x6  
  176  17:39  Liberator x2  
  164  17:51  Marine x10  
  164  18:08  Marine  
  164  18:09  Marine x9, Siege Tank  
  169  18:21  Liberator  
  169  18:22  Liberator  
  169  18:26  Marine  
  170  18:27  Marine x9  
  175  18:42  Siege Tank  
  175  18:44  Marine  
  175  18:45  Marine x2  
  175  18:47  Marine x3  
  175  18:48  Marine x4  
  185  19:02  Marine x3  
  188  19:13  Thor  
  194  19:17  Marine x3  
  194  19:18  Marine x3  
  175  19:57  Marine  
  175  19:58  Marine x9  
  163  20:00  Thor  
  163  20:02  Medivac x2  
  145  20:15  Marine  
  145  20:16  Marine x9  
  155  20:22  Starport  
  155  20:26  Starport  
  155  20:30  Fusion Core  
  155  20:32  Medivac x2  
  155  20:33  Armory, Marine x2  
  155  20:35  Terran Vehicle And Ship Armor Level 2  
  161  20:42  Thor  
  167  21:10  Missile Turret  
  167  21:11  Missile Turret x2  
  167  21:13  Missile Turret  
  167  21:14  Missile Turret x2, Orbital Command  
  167  21:15  Missile Turret  
  167  21:16  Missile Turret  
  167  21:19  Command Center, Missile Turret  
  167  21:20  Command Center  
  167  21:22  Missile Turret x2  
  167  21:24  Missile Turret x3  
  167  21:25  Thor  
  167  21:26  Missile Turret  
  167  21:28  Missile Turret  
  167  21:30  Missile Turret  
  167  21:31  Missile Turret  
  167  21:32  Refinery  
  172  21:34  Refinery, Missile Turret  
  172  21:39  Missile Turret  
  171  21:50  Marine x7  
  171  21:51  Marine x3  
  181  22:02  Starport Tech Lab  
  181  22:03  Starport Tech Lab  
  181  22:06  Terran Ship Weapons Level 1  
  181  22:08  Marine x10, Thor  
  182  22:13  Neosteel Armor, Hi-Sec Auto Tracking  
  197  22:17  Viking  
  199  22:25  Marine  
  200  22:49  Command Center  
  200  22:50  Weapon Refit  
  200  22:54  Refinery x2  
  200  23:48  Orbital Command  
  193  24:08  Marine  
  193  24:09  Marine x9  
  184  24:11  Thor  
  195  24:26  Marine  
  195  24:27  Marine x4  
Tags
 
Matchup
TvT
Race
Terran
Replay Pack
Vicster replay
Spawn Locations
Cross Positions
Add a new tag
Caveats
  • Supply blocks, unpowered buildings, or Contaminate may cause inaccurate times.
  • Supply counts are checked every 10 seconds.